Flames vs Avalanche

Created - October-03-14 at 17:03

Simulating a Pre-Season

Goals
1 2 3 OT1 SO T
Flames 2 0 2 0 1 5
Avalanche 3 1 0 0 0 4
Shots
1 2 3 OT1 SO T
Flames 8 8 9 2 3 27
Avalanche 18 5 11 3 3 37

1st period

1. Avalanche , Marcus Johansson 1 (Kevin Shattenkirk, Radim Vrbata) at 1:11
2. Avalanche , Matt Calvert 1 (Lauri Korpikoski) at 1:42
3. Flames , Mike Cammalleri 5 (Anze Kopitar, Jack Johnson) at 10:01 (PP)
4. Avalanche , Marcus Johansson 2 (John Carlson, Justin Faulk) at 11:00 (PP)
5. Flames , Jeff Skinner 1 (Bryce Salvador, Andrew MacDonald) at 17:39

Penalties :
Radim Vrbata (COL) for Interference (Minor) at 3:59, Ryan Kesler (CGY) for Interference (Minor) at 3:59, Johan Franzen (COL) for Hooking (Minor) at 9:24, Ryan Kesler (CGY) for Boarding (Major) at 10:02, Justin Faulk (COL) for Tripping (Minor) at 16:21, Anze Kopitar (CGY) for Hooking (Minor) at 16:21

2nd period

6. Avalanche , Cody Hodgson 2 (Radim Vrbata, John Carlson) at 18:48

Penalties :
Andrew MacDonald (CGY) for Slashing (Minor) at 1:37, Boone Jenner (COL) for Hooking (Minor) at 4:25, Quinton Howden (COL) for Tripping (Minor) at 10:33

3rd period

7. Flames , Mike Cammalleri 6 (Anze Kopitar, Jack Johnson) at 12:30
8. Flames , Jeff Skinner 2 (Anze Kopitar) at 19:50

Penalties :
Erik Johnson (CGY) for Holding (Minor) at 0:42, Jack Johnson (CGY) for Slashing (Minor) at 6:49, Bryce Salvador (CGY) for Hooking (Minor) at 9:45, Andrew MacDonald (CGY) for Tripping (Minor) at 12:38

Overtime #1

No Goal

Penalties :
Anze Kopitar (CGY) for Slashing (Minor) at 2:21

Shootout

Penalty Shot by Anze Kopitar for Flames - Goal!
Penalty Shot by Marian Gaborik for Avalanche - Stopped by Jonathan Quick
Penalty Shot by Jeff Skinner for Flames - Shot Misses the Net
Penalty Shot by Johan Franzen for Avalanche - Shot Misses the Net
Penalty Shot by Ryan Kesler for Flames - Stopped by Antti Niemi
Penalty Shot by Derek Stepan for Avalanche - Stopped by Jonathan Quick

Penalties :
No Penalty

Goalie Stats

Jonathan Quick (CGY), 33 saves from 37 shots - (0.892), W, 4-2-1, 63:58 minutes
Antti Niemi (COL), 23 saves from 27 shots - (0.852), OTL, 1-3-3, 65:00 minutes

Players Stats for Flames

Player Name              G  A  P  +/- PIM S  H  SB GA TA FO     MP     PP MP  PK MP  
------------------------------------------------------------------------------------
Andrew MacDonald         0  1  1   0  4   1  1  1  0  0  0/0    27:14   2:28   7:31 
Anze Kopitar             0  3  3   0  4   4  1  0  0  0  18/32  27:31   2:32   7:47 
Barret Jackman           0  0  0   0  0   0  0  0  0  0  0/0     0:00   0:00   0:00 
Brett Bulmer             0  0  0   0  0   0  0  0  0  0  0/0     0:13   0:00   0:00 
Bryce Salvador           0  1  1   0  2   0  1  4  0  0  0/0    27:22   1:55   6:49 
Drew Shore               0  0  0   0  0   3  0  0  0  0  7/9    15:05   0:00   2:02 
Dustin Brown             0  0  0  -1  0   1  1  0  0  0  1/10   11:11   0:00   0:05 
Erik Johnson             0  0  0   2  2   0  3  5  0  0  0/0    19:27   1:06   4:38 
Jack Johnson             0  2  2   2  2   2  3  3  0  0  0/0    26:53   2:40   8:32 
Jake Gardiner            0  0  0  -2  0   0  1  0  0  0  0/0    14:24   0:00   1:54 
Jeff Skinner             2  0  2   2  0   5  0  1  0  0  2/9    26:31   2:32   7:13 
Ladislav Smid            0  0  0  -2  0   1  4  1  0  0  0/0    14:35   1:01   4:22 
Linden Vey               0  0  0  -1  0   0  0  0  0  0  0/0     3:16   0:00   0:00 
Michael Grabner          0  0  0   0  0   0  0  0  0  0  2/2    11:12   0:00   0:00 
Mike Cammalleri          2  0  2   1  0   4  2  0  0  0  0/1    13:18   2:32   0:00 
Ryan Kesler              0  0  0  -1  7   3  3  1  0  0  18/37  23:33   2:03   6:22 
Sam Gagner               0  0  0   0  0   3  0  0  0  0  0/1    22:46   2:03   7:36 
Tomas Kopecky            0  0  0  -1  0   0  0  0  0  0  0/0    14:29   2:03   0:42 

Players Stats for Avalanche

Player Name              G  A  P  +/- PIM S  H  SB GA TA FO     MP     PP MP  PK MP  
------------------------------------------------------------------------------------
Boone Jenner             0  0  0   0  2   2  4  0  0  0  0/1     8:30   0:00   0:00 
Cody Hodgson             1  0  1   1  0   3  0  0  0  0  18/34  24:07   8:10   0:00 
Derek Stepan             0  0  0  -1  0   3  0  0  0  0  15/31  23:20   6:44   0:54 
Johan Franzen            0  0  0  -2  2   4  4  0  0  0  0/0    27:53   6:44   2:39 
John Carlson             0  2  2   0  0   2  0  4  0  0  0/0    30:07   8:37   2:13 
Justin Faulk             0  1  1   1  2   2  5  3  0  0  0/0    28:44   8:37   2:13 
Kevin Shattenkirk        0  1  1   0  0   0  2  2  0  0  0/0    25:39   6:17   1:49 
Lauri Korpikoski         0  1  1   0  0   2  1  0  0  0  11/16   8:09   0:00   3:41 
Marcus Johansson         2  0  2   2  0   6  0  0  0  0  0/2    17:26   6:44   0:12 
Marian Gaborik           0  0  0  -1  0   1  1  0  0  0  1/2    20:25   7:21   0:00 
Matt Calvert             1  0  1   0  0   3  2  0  0  0  2/2     5:21   0:00   0:00 
Nick Holden              0  0  0   0  0   0  3  1  0  0  0/0    11:33   0:00   2:22 
Quinton Howden           0  0  0   0  2   1  1  0  0  0  0/0     8:30   0:00   0:00 
Radim Vrbata             0  2  2   2  2   5  3  0  0  0  0/2    21:28   8:10   0:54 
Riley Sheahan            0  0  0   0  0   2  0  0  0  0  5/8     9:21   0:00   0:50 
Scottie Upshall          0  0  0   0  0   0  0  0  0  0  1/3     6:53   0:49   0:00 
Tyson Barrie             0  0  0  -1  0   1  1  0  0  0  0/0    24:08   6:17   0:00 
Victor Bartley           0  0  0   0  0   0  1  0  0  0  0/0     9:48   0:00   0:33 

3 Stars

1 - Jeff Skinner (CGY)
2 - Marcus Johansson (COL)
3 - Mike Cammalleri (CGY)

Power Play

Flames - 1 on 3 Attempt(s) - 33.33%
Avalanche - 1 on 8 Attempt(s) - 12.50%

Penalty Kill

Flames - 7 on 8 Attempt(s) - 87.50% - Score 0 goal in Penalty Kill
Avalanche - 2 on 3 Attempt(s) - 66.67% - Score 0 goal in Penalty Kill

Official

Referees : Dave Lewis and Francois StLaurent
Linesman : Darren Gibbs and Andy McElman

Game Notes

No Game Note

% Time on Ice - Flames

Lines # - Real PCT - Wanted PCT - Time Play
Normal Forward
1 - 29% - 30% - 10:20
2 - 31% - 30% - 11:12
3 - 31% - 27% - 11:06
4 - 9% - 13% - 3:16
Normal Defense
1 - 25% - 30% - 9:03
2 - 38% - 30% - 13:29
3 - 26% - 20% - 9:18
4 - 11% - 20% - 4:04
PP Forward
1 - 55% - 50% - 2:32
2 - 45% - 50% - 2:03
PP Defense
1 - 76% - 50% - 3:29
2 - 24% - 50% - 1:06
PK Forward
1 - 47% - 50% - 7:01
2 - 53% - 50% - 7:53
PK Defense
1 - 57% - 50% - 8:29
2 - 43% - 50% - 6:25
PK3 Forward
1 - 74% - 60% - 1:28
2 - 26% - 40% - 0:31
PK3 Defense
1 - 39% - 50% - 0:46
2 - 61% - 50% - 1:13
44 Forward
1 - 58% - 50% - 4:04
2 - 42% - 50% - 2:55
44 Defense
1 - 54% - 50% - 3:47
2 - 46% - 50% - 3:12
Last Minute Offensive  - 0:39
Last Minute Defensive  - 0:00
Total
Forward - 65:00
Defense - 65:00

% Time on Ice - Avalanche

Lines # - Real PCT - Wanted PCT - Time Play
Normal Forward
1 - 35% - 40% - 12:49
2 - 29% - 30% - 10:30
3 - 23% - 20% - 8:31
4 - 12% - 10% - 4:28
Normal Defense
1 - 38% - 40% - 13:48
2 - 37% - 30% - 13:19
3 - 21% - 20% - 7:28
4 - 5% - 10% - 1:43
PP Forward
1 - 45% - 54% - 6:44
2 - 55% - 46% - 8:10
PP Defense
1 - 58% - 55% - 8:37
2 - 42% - 45% - 6:17
PK Forward
1 - 80% - 60% - 3:41
2 - 20% - 40% - 0:54
PK Defense
1 - 48% - 60% - 2:13
2 - 52% - 40% - 2:22
PK3 Forward
1 - 0% - 60%
2 - 0% - 40%
PK3 Defense
1 - 0% - 60%
2 - 0% - 40%
44 Forward
1 - 71% - 60% - 6:20
2 - 29% - 40% - 2:38
44 Defense
1 - 58% - 60% - 5:14
2 - 42% - 40% - 3:44
Last Minute Offensive  - 0:00
Last Minute Defensive  - 0:15
Total
Forward - 65:00
Defense - 65:00

Play by Play

1st period


0:01 of 1st period - Anze Kopitar wins face-off versus Derek Stepan in neutral zone.
0:06 of 1st period - Shot by Mike Cammalleri.
0:06 of 1st period - Shot Misses the Net.
0:33 of 1st period - Icing by Bryce Salvador.
0:34 of 1st period - Anze Kopitar wins face-off versus Cody Hodgson in Flames zone.
0:47 of 1st period - Shot by Radim Vrbata.
0:47 of 1st period - Shot Misses the Net.
1:07 of 1st period - Shot by Radim Vrbata.
1:07 of 1st period - Stopped by Jonathan Quick with a rebound.
1:11 of 1st period - Shot by Marcus Johansson.
1:11 of 1st period - Goal by Marcus Johansson - Flames : 0 - Avalanche : 1.
1:12 of 1st period - Michael Grabner wins face-off versus Boone Jenner in neutral zone.
1:12 of 1st period - Jack Johnson is hit by Boone Jenner and loses puck.
1:17 of 1st period - Erik Johnson is hit by Boone Jenner.
1:22 of 1st period - Michael Grabner is hit by Nick Holden and loses puck.
1:33 of 1st period - Shot by Riley Sheahan.
1:33 of 1st period - Shot Blocked by Jack Johnson.
1:35 of 1st period - Shot by Boone Jenner.
1:35 of 1st period - Shot Misses the Net.
1:37 of 1st period - Shot by Boone Jenner.
1:37 of 1st period - Stopped by Jonathan Quick with a rebound.
1:39 of 1st period - Shot by Riley Sheahan.
1:39 of 1st period - Stopped by Jonathan Quick without a rebound.
1:40 of 1st period - Lauri Korpikoski wins face-off versus Dustin Brown in Flames zone.
1:40 of 1st period - Lauri Korpikoski is hit by Jake Gardiner.
1:42 of 1st period - Shot by Matt Calvert.
1:42 of 1st period - Goal by Matt Calvert - Flames : 0 - Avalanche : 2.
1:43 of 1st period - Lauri Korpikoski wins face-off versus Dustin Brown in neutral zone.
2:12 of 1st period - Tomas Kopecky is hit by Matt Calvert and loses puck.
3:00 of 1st period - Icing by Nick Holden.
3:01 of 1st period - Anze Kopitar wins face-off versus Derek Stepan in Avalanche zone.
3:46 of 1st period - Shot by Anze Kopitar.
3:46 of 1st period - Shot Blocked by Kevin Shattenkirk.
3:53 of 1st period - Icing by Tyson Barrie.
3:54 of 1st period - Michael Grabner wins face-off versus Cody Hodgson in Avalanche zone.
3:54 of 1st period - Michael Grabner is hit by Kevin Shattenkirk.
3:59 of 1st period - Minor Penalty to Radim Vrbata for Interference.
3:59 of 1st period - Minor Penalty to Ryan Kesler for Interference.
4:00 of 1st period - Anze Kopitar wins face-off versus Cody Hodgson in neutral zone.
4:31 of 1st period - Shot by Anze Kopitar.
4:31 of 1st period - Shot Blocked by John Carlson.
4:33 of 1st period - Shot by Jack Johnson.
4:33 of 1st period - Shot Misses the Net.
4:35 of 1st period - Shot by Jeff Skinner.
4:35 of 1st period - Stopped by Antti Niemi without a rebound.
4:36 of 1st period - Drew Shore wins face-off versus Derek Stepan in Avalanche zone.
5:18 of 1st period - Icing by Bryce Salvador.
5:19 of 1st period - Drew Shore wins face-off versus Cody Hodgson in Flames zone.
5:19 of 1st period - Drew Shore is hit by Johan Franzen.
5:41 of 1st period - Shot by Johan Franzen.
5:41 of 1st period - Shot Misses the Net.
5:52 of 1st period - Jeff Skinner is hit by Justin Faulk and loses puck.
6:06 of 1st period - Michael Grabner is hit by Nick Holden and loses puck.
6:11 of 1st period - Shot by Sam Gagner.
6:11 of 1st period - Stopped by Antti Niemi without a rebound.
6:12 of 1st period - Lauri Korpikoski wins face-off versus Dustin Brown in Avalanche zone.
6:23 of 1st period - Shot by Lauri Korpikoski.
6:23 of 1st period - Stopped by Jonathan Quick with a rebound.
6:25 of 1st period - Shot by Lauri Korpikoski.
6:25 of 1st period - Stopped by Jonathan Quick without a rebound.
6:26 of 1st period - Anze Kopitar wins face-off versus Riley Sheahan in Flames zone.
6:43 of 1st period - Shot by Riley Sheahan.
6:43 of 1st period - Stopped by Jonathan Quick without a rebound.
6:44 of 1st period - Cody Hodgson wins face-off versus Ryan Kesler in Flames zone.
6:57 of 1st period - Icing by Andrew MacDonald.
6:58 of 1st period - Derek Stepan wins face-off versus Ryan Kesler in Flames zone.
7:15 of 1st period - Shot by Marian Gaborik.
7:15 of 1st period - Shot Blocked by Bryce Salvador.
7:17 of 1st period - Shot by Johan Franzen.
7:17 of 1st period - Shot Misses the Net.
7:26 of 1st period - Off-side.
7:27 of 1st period - Anze Kopitar wins face-off versus Cody Hodgson in neutral zone.
7:41 of 1st period - Icing by Anze Kopitar.
7:42 of 1st period - Riley Sheahan wins face-off versus Anze Kopitar in Flames zone.
7:42 of 1st period - Boone Jenner is hit by Jack Johnson and loses puck.
7:49 of 1st period - Shot by Boone Jenner.
7:49 of 1st period - Stopped by Jonathan Quick without a rebound.
7:50 of 1st period - Ryan Kesler wins face-off versus Derek Stepan in Flames zone.
7:50 of 1st period - Ryan Kesler is hit by Johan Franzen.
8:16 of 1st period - Icing by John Carlson.
8:17 of 1st period - Derek Stepan wins face-off versus Drew Shore in Avalanche zone.
8:17 of 1st period - Derek Stepan is hit by Dustin Brown.
8:41 of 1st period - Tomas Kopecky is hit by Justin Faulk and loses puck.
9:24 of 1st period - Minor Penalty to Johan Franzen for Hooking.
9:25 of 1st period - Anze Kopitar wins face-off versus Lauri Korpikoski in Avalanche zone.
9:39 of 1st period - Shot by Anze Kopitar.
9:39 of 1st period - Shot Misses the Net.
10:01 of 1st period - Shot by Mike Cammalleri.
10:01 of 1st period - Goal by Mike Cammalleri - Flames : 1 - Avalanche : 2.
10:02 of 1st period - Cody Hodgson wins face-off versus Ryan Kesler in neutral zone.
10:02 of 1st period - Major Penalty to Ryan Kesler for Boarding.
10:03 of 1st period - Anze Kopitar wins face-off versus Cody Hodgson in Flames zone.
10:26 of 1st period - Shot by Radim Vrbata.
10:26 of 1st period - Stopped by Jonathan Quick without a rebound.
10:27 of 1st period - Derek Stepan wins face-off versus Anze Kopitar in Flames zone.
11:00 of 1st period - Shot by Marcus Johansson.
11:00 of 1st period - Goal by Marcus Johansson - Flames : 1 - Avalanche : 3.
11:01 of 1st period - Anze Kopitar wins face-off versus Cody Hodgson in neutral zone.
12:15 of 1st period - Shot by Johan Franzen.
12:15 of 1st period - Shot Misses the Net.
12:17 of 1st period - Shot by John Carlson.
12:17 of 1st period - Shot Misses the Net.
12:19 of 1st period - Shot by Johan Franzen.
12:19 of 1st period - Stopped by Jonathan Quick without a rebound.
12:20 of 1st period - Cody Hodgson wins face-off versus Drew Shore in Flames zone.
12:36 of 1st period - Shot by Radim Vrbata.
12:36 of 1st period - Stopped by Jonathan Quick without a rebound.
12:37 of 1st period - Derek Stepan wins face-off versus Anze Kopitar in Flames zone.
12:52 of 1st period - John Carlson is hit by Jack Johnson and loses puck.
14:12 of 1st period - Shot by Derek Stepan.
14:12 of 1st period - Stopped by Jonathan Quick without a rebound.
14:13 of 1st period - Drew Shore wins face-off versus Cody Hodgson in Flames zone.
15:12 of 1st period - Shot by Boone Jenner.
15:12 of 1st period - Shot Misses the Net.
15:14 of 1st period - Shot by Riley Sheahan.
15:14 of 1st period - Shot Misses the Net.
15:52 of 1st period - Jake Gardiner is hit by Johan Franzen and loses puck.
16:21 of 1st period - Minor Penalty to Justin Faulk for Tripping.
16:21 of 1st period - Minor Penalty to Anze Kopitar for Hooking.
16:22 of 1st period - Ryan Kesler wins face-off versus Cody Hodgson in Avalanche zone.
16:49 of 1st period - Shot by Cody Hodgson.
16:49 of 1st period - Shot Blocked by Jack Johnson.
16:51 of 1st period - Shot by Cody Hodgson.
16:51 of 1st period - Stopped by Jonathan Quick without a rebound.
16:52 of 1st period - Drew Shore wins face-off versus Radim Vrbata in Flames zone.
17:08 of 1st period - Off-side.
17:09 of 1st period - Drew Shore wins face-off versus Cody Hodgson in neutral zone.
17:39 of 1st period - Shot by Jeff Skinner.
17:39 of 1st period - Goal by Jeff Skinner - Flames : 2 - Avalanche : 3.
17:40 of 1st period - Ryan Kesler wins face-off versus Derek Stepan in neutral zone.
17:43 of 1st period - Shot by Sam Gagner.
17:43 of 1st period - Stopped by Antti Niemi without a rebound.
17:44 of 1st period - Derek Stepan wins face-off versus Ryan Kesler in Avalanche zone.
17:48 of 1st period - Off-side.
17:49 of 1st period - Cody Hodgson wins face-off versus Ryan Kesler in neutral zone.
18:06 of 1st period - Shot by Ryan Kesler.
18:06 of 1st period - Deflect By Sam Gagner.
18:06 of 1st period - Shot Misses the Net.
18:16 of 1st period - Shot by Ryan Kesler.
18:16 of 1st period - Stopped by Antti Niemi without a rebound.
18:17 of 1st period - Derek Stepan wins face-off versus Jeff Skinner in Avalanche zone.
18:32 of 1st period - Shot by Tomas Kopecky.
18:32 of 1st period - Shot Blocked by Nick Holden.
18:44 of 1st period - Shot by Dustin Brown.
18:44 of 1st period - Stopped by Antti Niemi without a rebound.
18:45 of 1st period - Anze Kopitar wins face-off versus Lauri Korpikoski in Avalanche zone.
18:50 of 1st period - Shot by Mike Cammalleri.
18:50 of 1st period - Stopped by Antti Niemi with a rebound.
19:05 of 1st period - Erik Johnson is hit by Justin Faulk and loses puck.
19:20 of 1st period - Shot by Matt Calvert.
19:20 of 1st period - Stopped by Jonathan Quick without a rebound.
19:21 of 1st period - Cody Hodgson wins face-off versus Ryan Kesler in Flames zone.
19:45 of 1st period - Shot by Marcus Johansson.
19:45 of 1st period - Stopped by Jonathan Quick with a rebound.
19:55 of 1st period - Shot by Cody Hodgson.
19:55 of 1st period - Shot Misses the Net.
19:57 of 1st period - Shot by Kevin Shattenkirk.
19:57 of 1st period - Shot Blocked by Ryan Kesler.
19:59 of 1st period - Shot by Radim Vrbata.
19:59 of 1st period - Stopped by Jonathan Quick without a rebound.
Goals for this period are 2 for Flames vs 3 for Avalanche.
Shots for this period are 8 for Flames vs 18 for Avalanche.

2nd period


0:01 of 2nd period - Anze Kopitar wins face-off versus Radim Vrbata in neutral zone.
0:08 of 2nd period - Shot by Anze Kopitar.
0:08 of 2nd period - Stopped by Antti Niemi without a rebound.
0:09 of 2nd period - Anze Kopitar wins face-off versus Derek Stepan in Avalanche zone.
0:38 of 2nd period - Shot by Marian Gaborik.
0:38 of 2nd period - Shot Blocked by Erik Johnson.
1:37 of 2nd period - Minor Penalty to Andrew MacDonald for Slashing.
1:38 of 2nd period - Ryan Kesler wins face-off versus Marcus Johansson in Flames zone.
1:53 of 2nd period - Shot by Johan Franzen.
1:53 of 2nd period - Stopped by Jonathan Quick without a rebound.
1:54 of 2nd period - Cody Hodgson wins face-off versus Ryan Kesler in Flames zone.
2:03 of 2nd period - Shot by Cody Hodgson.
2:03 of 2nd period - Stopped by Jonathan Quick with a rebound.
2:21 of 2nd period - Shot by Tyson Barrie.
2:21 of 2nd period - Shot Misses the Net.
2:23 of 2nd period - Shot by Kevin Shattenkirk.
2:23 of 2nd period - Shot Misses the Net.
2:50 of 2nd period - John Carlson is hit by Ladislav Smid and loses puck.
3:01 of 2nd period - Shot by Marcus Johansson.
3:01 of 2nd period - Stopped by Jonathan Quick with a rebound.
3:03 of 2nd period - Shot by Marcus Johansson.
3:03 of 2nd period - Stopped by Jonathan Quick without a rebound.
3:04 of 2nd period - Cody Hodgson wins face-off versus Jeff Skinner in Flames zone.
3:14 of 2nd period - Icing by John Carlson.
3:15 of 2nd period - Jeff Skinner wins face-off versus Cody Hodgson in Avalanche zone.
3:58 of 2nd period - Icing by Nick Holden.
3:59 of 2nd period - Riley Sheahan wins face-off versus Sam Gagner in Avalanche zone.
4:01 of 2nd period - Icing by Nick Holden.
4:02 of 2nd period - Ryan Kesler wins face-off versus Riley Sheahan in Avalanche zone.
4:11 of 2nd period - Sam Gagner is hit by Quinton Howden and loses puck.
4:25 of 2nd period - Minor Penalty to Boone Jenner for Hooking.
4:26 of 2nd period - Lauri Korpikoski wins face-off versus Mike Cammalleri in Avalanche zone.
4:37 of 2nd period - Icing by Anze Kopitar.
4:38 of 2nd period - Lauri Korpikoski wins face-off versus Anze Kopitar in Flames zone.
4:49 of 2nd period - Shot by Mike Cammalleri.
4:49 of 2nd period - Stopped by Antti Niemi without a rebound.
4:50 of 2nd period - Lauri Korpikoski wins face-off versus Ryan Kesler in Avalanche zone.
4:58 of 2nd period - Icing by Sam Gagner.
4:59 of 2nd period - Lauri Korpikoski wins face-off versus Ryan Kesler in Flames zone.
5:35 of 2nd period - Shot by Ryan Kesler.
5:35 of 2nd period - Stopped by Antti Niemi without a rebound.
5:36 of 2nd period - Anze Kopitar wins face-off versus Lauri Korpikoski in Avalanche zone.
6:08 of 2nd period - Shot by Anze Kopitar.
6:08 of 2nd period - Stopped by Antti Niemi without a rebound.
6:09 of 2nd period - Lauri Korpikoski wins face-off versus Ryan Kesler in Avalanche zone.
7:00 of 2nd period - Shot by Drew Shore.
7:00 of 2nd period - Deflect By Dustin Brown.
7:00 of 2nd period - Shot Hit the Post.
7:02 of 2nd period - Shot by Ladislav Smid.
7:02 of 2nd period - Stopped by Antti Niemi without a rebound.
7:03 of 2nd period - Ryan Kesler wins face-off versus Derek Stepan in Avalanche zone.
7:06 of 2nd period - Shot by Michael Grabner.
7:06 of 2nd period - Shot Blocked by John Carlson.
7:11 of 2nd period - Derek Stepan is hit by Andrew MacDonald and loses puck.
7:37 of 2nd period - Marian Gaborik is hit by Bryce Salvador and loses puck.
7:45 of 2nd period - Off-side.
7:46 of 2nd period - Cody Hodgson wins face-off versus Anze Kopitar in neutral zone.
7:55 of 2nd period - Shot by Cody Hodgson.
7:55 of 2nd period - Shot Blocked by Jack Johnson.
8:02 of 2nd period - Icing by Tyson Barrie.
8:03 of 2nd period - Cody Hodgson wins face-off versus Dustin Brown in Avalanche zone.
8:07 of 2nd period - Kevin Shattenkirk is hit by Ladislav Smid and loses puck.
8:28 of 2nd period - Shot by Drew Shore.
8:28 of 2nd period - Stopped by Antti Niemi without a rebound.
8:29 of 2nd period - Derek Stepan wins face-off versus Anze Kopitar in Avalanche zone.
9:25 of 2nd period - Derek Stepan is hit by Anze Kopitar and loses puck.
10:33 of 2nd period - Minor Penalty to Quinton Howden for Tripping.
10:34 of 2nd period - Anze Kopitar wins face-off versus Lauri Korpikoski in Avalanche zone.
11:08 of 2nd period - Icing by Mike Cammalleri.
11:09 of 2nd period - Derek Stepan wins face-off versus Anze Kopitar in Flames zone.
12:12 of 2nd period - Ladislav Smid is hit by Lauri Korpikoski and loses puck.
13:30 of 2nd period - Shot by Cody Hodgson.
13:30 of 2nd period - Shot Blocked by Erik Johnson.
13:32 of 2nd period - Shot by John Carlson.
13:32 of 2nd period - Shot Blocked by Erik Johnson.
13:55 of 2nd period - Marcus Johansson is hit by Erik Johnson and loses puck.
14:21 of 2nd period - Shot by Johan Franzen.
14:21 of 2nd period - Shot Misses the Net.
14:35 of 2nd period - Shot by Marian Gaborik.
14:35 of 2nd period - Shot Misses the Net.
14:38 of 2nd period - Icing by Jake Gardiner.
14:39 of 2nd period - Lauri Korpikoski wins face-off versus Ryan Kesler in Flames zone.
14:47 of 2nd period - Icing by Jake Gardiner.
14:48 of 2nd period - Ryan Kesler wins face-off versus Riley Sheahan in Flames zone.
14:48 of 2nd period - Ryan Kesler is hit by Boone Jenner.
16:00 of 2nd period - Shot by Anze Kopitar.
16:00 of 2nd period - Shot Misses the Net.
16:06 of 2nd period - Shot by Anze Kopitar.
16:06 of 2nd period - Stopped by Antti Niemi without a rebound.
16:07 of 2nd period - Derek Stepan wins face-off versus Dustin Brown in Avalanche zone.
17:26 of 2nd period - Icing by Kevin Shattenkirk.
17:27 of 2nd period - Ryan Kesler wins face-off versus Cody Hodgson in Avalanche zone.
17:27 of 2nd period - Ryan Kesler is hit by Kevin Shattenkirk.
17:34 of 2nd period - Off-side.
17:35 of 2nd period - Riley Sheahan wins face-off versus Ryan Kesler in neutral zone.
17:41 of 2nd period - Riley Sheahan is hit by Erik Johnson and loses puck.
17:54 of 2nd period - Shot by Ryan Kesler.
17:54 of 2nd period - Stopped by Antti Niemi without a rebound.
17:55 of 2nd period - Anze Kopitar wins face-off versus Derek Stepan in Avalanche zone.
17:55 of 2nd period - Ladislav Smid is hit by Victor Bartley.
18:16 of 2nd period - Icing by Ryan Kesler.
18:17 of 2nd period - Cody Hodgson wins face-off versus Anze Kopitar in Flames zone.
18:30 of 2nd period - Shot by Anze Kopitar.
18:30 of 2nd period - Shot Blocked by Justin Faulk.
18:37 of 2nd period - Justin Faulk is hit by Ladislav Smid and loses puck.
18:46 of 2nd period - Shot by Radim Vrbata.
18:46 of 2nd period - Shot Blocked by Ladislav Smid.
18:48 of 2nd period - Shot by Cody Hodgson.
18:48 of 2nd period - Goal by Cody Hodgson - Flames : 2 - Avalanche : 4.
18:49 of 2nd period - Derek Stepan wins face-off versus Dustin Brown in neutral zone.
19:03 of 2nd period - Shot by Erik Johnson.
19:03 of 2nd period - Shot Blocked by Kevin Shattenkirk.
19:13 of 2nd period - Jack Johnson is hit by Marian Gaborik and loses puck.
19:41 of 2nd period - Icing by Tomas Kopecky.
19:42 of 2nd period - Cody Hodgson wins face-off versus Dustin Brown in Flames zone.
Goals for this period are 0 for Flames vs 1 for Avalanche.
Shots for this period are 8 for Flames vs 5 for Avalanche.

3rd period


0:01 of 3rd period - Marian Gaborik wins face-off versus Anze Kopitar in neutral zone.
0:19 of 3rd period - Off-side.
0:20 of 3rd period - Cody Hodgson wins face-off versus Ryan Kesler in neutral zone.
0:28 of 3rd period - Radim Vrbata is hit by Erik Johnson.
0:31 of 3rd period - Icing by Ryan Kesler.
0:32 of 3rd period - Derek Stepan wins face-off versus Ryan Kesler in Flames zone.
0:42 of 3rd period - Minor Penalty to Erik Johnson for Holding.
0:43 of 3rd period - Derek Stepan wins face-off versus Jeff Skinner in Flames zone.
1:08 of 3rd period - Shot by Johan Franzen.
1:08 of 3rd period - Stopped by Jonathan Quick without a rebound.
1:09 of 3rd period - Jeff Skinner wins face-off versus Cody Hodgson in Flames zone.
1:28 of 3rd period - Shot by Tyson Barrie.
1:28 of 3rd period - Shot Misses the Net.
1:30 of 3rd period - Shot by Tyson Barrie.
1:30 of 3rd period - Shot Misses the Net.
2:11 of 3rd period - Johan Franzen is hit by Ryan Kesler and loses puck.
2:19 of 3rd period - Ryan Kesler is hit by Johan Franzen.
2:53 of 3rd period - Shot by Quinton Howden.
2:53 of 3rd period - Stopped by Jonathan Quick with a rebound.
3:15 of 3rd period - Riley Sheahan is hit by Ladislav Smid and loses puck.
5:24 of 3rd period - Shot by Derek Stepan.
5:24 of 3rd period - Shot Blocked by Bryce Salvador.
6:19 of 3rd period - Shot by Drew Shore.
6:19 of 3rd period - Stopped by Antti Niemi without a rebound.
6:20 of 3rd period - Ryan Kesler wins face-off versus Lauri Korpikoski in Avalanche zone.
6:34 of 3rd period - Icing by Victor Bartley.
6:35 of 3rd period - Matt Calvert wins face-off versus Ryan Kesler in Avalanche zone.
6:49 of 3rd period - Minor Penalty to Jack Johnson for Slashing.
6:50 of 3rd period - Ryan Kesler wins face-off versus Marcus Johansson in Flames zone.
7:20 of 3rd period - Shot by Justin Faulk.
7:20 of 3rd period - Stopped by Jonathan Quick without a rebound.
7:21 of 3rd period - Cody Hodgson wins face-off versus Jeff Skinner in Flames zone.
7:57 of 3rd period - Shot by Cody Hodgson.
7:57 of 3rd period - Deflect By Marian Gaborik.
7:57 of 3rd period - Shot Misses the Net.
7:59 of 3rd period - Shot by Marian Gaborik.
7:59 of 3rd period - Stopped by Jonathan Quick without a rebound.
8:00 of 3rd period - Ryan Kesler wins face-off versus Derek Stepan in Flames zone.
8:11 of 3rd period - Shot by John Carlson.
8:11 of 3rd period - Stopped by Jonathan Quick with a rebound.
8:13 of 3rd period - Shot by John Carlson.
8:13 of 3rd period - Stopped by Jonathan Quick with a rebound.
8:15 of 3rd period - Shot by Johan Franzen.
8:15 of 3rd period - Shot Misses the Net.
8:17 of 3rd period - Shot by Derek Stepan.
8:17 of 3rd period - Shot Misses the Net.
8:41 of 3rd period - Shot by John Carlson.
8:41 of 3rd period - Shot Blocked by Erik Johnson.
8:43 of 3rd period - Shot by Justin Faulk.
8:43 of 3rd period - Shot Blocked by Erik Johnson.
8:45 of 3rd period - Shot by Johan Franzen.
8:45 of 3rd period - Stopped by Jonathan Quick with a rebound.
8:47 of 3rd period - Shot by Justin Faulk.
8:47 of 3rd period - Shot Blocked by Jeff Skinner.
8:49 of 3rd period - Shot by Justin Faulk.
8:49 of 3rd period - Stopped by Jonathan Quick without a rebound.
8:50 of 3rd period - Riley Sheahan wins face-off versus Ryan Kesler in Flames zone.
9:43 of 3rd period - Riley Sheahan is hit by Jack Johnson and loses puck.
9:45 of 3rd period - Minor Penalty to Bryce Salvador for Hooking.
9:46 of 3rd period - Cody Hodgson wins face-off versus Jeff Skinner in Flames zone.
10:09 of 3rd period - Shot by Radim Vrbata.
10:09 of 3rd period - Shot Misses the Net.
10:41 of 3rd period - Shot by Jeff Skinner.
10:41 of 3rd period - Shot Misses the Net.
11:11 of 3rd period - Icing by Radim Vrbata.
11:12 of 3rd period - Ryan Kesler wins face-off versus Marian Gaborik in Avalanche zone.
12:06 of 3rd period - Dustin Brown is hit by Boone Jenner and loses puck.
12:14 of 3rd period - Off-side.
12:15 of 3rd period - Lauri Korpikoski wins face-off versus Anze Kopitar in neutral zone.
12:30 of 3rd period - Shot by Mike Cammalleri.
12:30 of 3rd period - Goal by Mike Cammalleri - Flames : 3 - Avalanche : 4.
12:31 of 3rd period - Riley Sheahan wins face-off versus Anze Kopitar in neutral zone.
12:31 of 3rd period - Riley Sheahan is hit by Ryan Kesler.
12:38 of 3rd period - Minor Penalty to Andrew MacDonald for Tripping.
12:39 of 3rd period - Ryan Kesler wins face-off versus Derek Stepan in Flames zone.
12:50 of 3rd period - Shot by Tyson Barrie.
12:50 of 3rd period - Stopped by Jonathan Quick without a rebound.
12:51 of 3rd period - Ryan Kesler wins face-off versus Derek Stepan in Flames zone.
13:10 of 3rd period - Shot by Marcus Johansson.
13:10 of 3rd period - Stopped by Jonathan Quick without a rebound.
13:11 of 3rd period - Ryan Kesler wins face-off versus Cody Hodgson in Flames zone.
13:11 of 3rd period - Ryan Kesler is hit by Radim Vrbata.
13:33 of 3rd period - Shot by Marian Gaborik.
13:33 of 3rd period - Shot Misses the Net.
13:35 of 3rd period - Shot by Justin Faulk.
13:35 of 3rd period - Shot Misses the Net.
13:37 of 3rd period - Shot by Radim Vrbata.
13:37 of 3rd period - Deflect By Cody Hodgson.
13:37 of 3rd period - Shot Blocked by Bryce Salvador.
15:00 of 3rd period - Tomas Kopecky is hit by Nick Holden and loses puck.
15:09 of 3rd period - Shot by Drew Shore.
15:09 of 3rd period - Stopped by Antti Niemi without a rebound.
15:10 of 3rd period - Lauri Korpikoski wins face-off versus Anze Kopitar in Avalanche zone.
15:36 of 3rd period - Mike Cammalleri is hit by Justin Faulk and loses puck.
15:41 of 3rd period - Shot by Mike Cammalleri.
15:41 of 3rd period - Shot Blocked by Justin Faulk.
15:54 of 3rd period - Anze Kopitar is hit by Justin Faulk and loses puck.
16:09 of 3rd period - Shot by Sam Gagner.
16:09 of 3rd period - Stopped by Antti Niemi without a rebound.
16:10 of 3rd period - Derek Stepan wins face-off versus Dustin Brown in Avalanche zone.
16:25 of 3rd period - Shot by Marian Gaborik.
16:25 of 3rd period - Deflect By Johan Franzen.
16:25 of 3rd period - Shot Blocked by Bryce Salvador.
16:34 of 3rd period - Icing by Andrew MacDonald.
16:35 of 3rd period - Dustin Brown wins face-off versus Cody Hodgson in Flames zone.
16:50 of 3rd period - Shot by Tomas Kopecky.
16:50 of 3rd period - Shot Misses the Net.
16:52 of 3rd period - Shot by Andrew MacDonald.
16:52 of 3rd period - Stopped by Antti Niemi without a rebound.
16:53 of 3rd period - Anze Kopitar wins face-off versus Derek Stepan in Avalanche zone.
16:54 of 3rd period - Shot by Jack Johnson.
16:54 of 3rd period - Stopped by Antti Niemi without a rebound.
16:55 of 3rd period - Ryan Kesler wins face-off versus Derek Stepan in Avalanche zone.
17:06 of 3rd period - Shot by Ryan Kesler.
17:06 of 3rd period - Shot Blocked by John Carlson.
17:08 of 3rd period - Shot by Jack Johnson.
17:08 of 3rd period - Stopped by Antti Niemi without a rebound.
17:09 of 3rd period - Cody Hodgson wins face-off versus Jeff Skinner in Avalanche zone.
17:09 of 3rd period - Cody Hodgson is hit by Mike Cammalleri.
17:17 of 3rd period - Shot by Radim Vrbata.
17:17 of 3rd period - Stopped by Jonathan Quick without a rebound.
17:18 of 3rd period - Derek Stepan wins face-off versus Anze Kopitar in Flames zone.
17:48 of 3rd period - Shot by Derek Stepan.
17:48 of 3rd period - Shot Blocked by Andrew MacDonald.
17:56 of 3rd period - Shot by Anze Kopitar.
17:56 of 3rd period - Shot Misses the Net.
18:48 of 3rd period - Flames, Jonathan Quick is pulled from the net.
18:58 of 3rd period - Sam Gagner is hit by Radim Vrbata and loses puck.
19:17 of 3rd period - Radim Vrbata is hit by Mike Cammalleri and loses puck.
19:28 of 3rd period - Bryce Salvador is hit by Radim Vrbata and loses puck.
19:35 of 3rd period - Shot by Jeff Skinner.
19:35 of 3rd period - Stopped by Antti Niemi without a rebound.
19:36 of 3rd period - Drew Shore wins face-off versus Derek Stepan in Avalanche zone.
19:48 of 3rd period - Icing by Justin Faulk.
19:49 of 3rd period - Anze Kopitar wins face-off versus Derek Stepan in Avalanche zone.
19:50 of 3rd period - Shot by Jeff Skinner.
19:50 of 3rd period - Goal by Jeff Skinner - Flames : 4 - Avalanche : 4.
19:50 of 3rd period - Jonathan Quick from Flames was sent back in the game.
19:51 of 3rd period - Derek Stepan wins face-off versus Dustin Brown in neutral zone.
Goals for this period are 2 for Flames vs 0 for Avalanche.
Shots for this period are 9 for Flames vs 11 for Avalanche.

Overtime #1


0:01 of 1st overtime period - Cody Hodgson wins face-off versus Jeff Skinner in neutral zone.
0:44 of 1st overtime period - Shot by Anze Kopitar.
0:44 of 1st overtime period - Shot Blocked by John Carlson.
0:46 of 1st overtime period - Shot by Andrew MacDonald.
0:46 of 1st overtime period - Shot Blocked by Justin Faulk.
1:13 of 1st overtime period - Derek Stepan is hit by Ryan Kesler and loses puck.
1:28 of 1st overtime period - Shot by Tyson Barrie.
1:28 of 1st overtime period - Shot Misses the Net.
1:48 of 1st overtime period - Shot by Jeff Skinner.
1:48 of 1st overtime period - Deflect By Anze Kopitar.
1:48 of 1st overtime period - Stopped by Antti Niemi without a rebound.
1:49 of 1st overtime period - Anze Kopitar wins face-off versus Cody Hodgson in Avalanche zone.
2:21 of 1st overtime period - Minor Penalty to Anze Kopitar for Slashing.
2:22 of 1st overtime period - Ryan Kesler wins face-off versus Derek Stepan in Flames zone.
2:35 of 1st overtime period - Shot by Derek Stepan.
2:35 of 1st overtime period - Stopped by Jonathan Quick without a rebound.
2:36 of 1st overtime period - Cody Hodgson wins face-off versus Ryan Kesler in Flames zone.
3:37 of 1st overtime period - Shot by Derek Stepan.
3:37 of 1st overtime period - Stopped by Jonathan Quick without a rebound.
3:38 of 1st overtime period - Drew Shore wins face-off versus Scottie Upshall in Flames zone.
3:38 of 1st overtime period - Drew Shore is hit by Matt Calvert.
3:58 of 1st overtime period - Shot by Tyson Barrie.
3:58 of 1st overtime period - Deflect By Matt Calvert.
3:58 of 1st overtime period - Stopped by Jonathan Quick with a rebound.
4:05 of 1st overtime period - Icing by Scottie Upshall.
4:06 of 1st overtime period - Scottie Upshall wins face-off versus Ryan Kesler in Avalanche zone.
4:14 of 1st overtime period - Icing by Kevin Shattenkirk.
4:15 of 1st overtime period - Matt Calvert wins face-off versus Ryan Kesler in Avalanche zone.
4:17 of 1st overtime period - Icing by Tyson Barrie.
4:18 of 1st overtime period - Ryan Kesler wins face-off versus Scottie Upshall in Avalanche zone.
4:18 of 1st overtime period - Ryan Kesler is hit by Tyson Barrie.
4:30 of 1st overtime period - Shot by Jeff Skinner.
4:30 of 1st overtime period - Stopped by Antti Niemi without a rebound.
4:31 of 1st overtime period - Cody Hodgson wins face-off versus Anze Kopitar in Avalanche zone.
Goals for this period are 0 for Flames vs 0 for Avalanche.
Shots for this period are 2 for Flames vs 3 for Avalanche.

ShootOut


5:00 of 1st overtime period - Penalty Shot by Anze Kopitar for Flames.
5:00 of 1st overtime period - Goal by Anze Kopitar.
5:00 of 1st overtime period - Penalty Shot by Marian Gaborik for Avalanche.
5:00 of 1st overtime period - Stopped by Jonathan Quick.
5:00 of 1st overtime period - Penalty Shot by Jeff Skinner for Flames.
5:00 of 1st overtime period - Shot Misses the Net.
5:00 of 1st overtime period - Penalty Shot by Johan Franzen for Avalanche.
5:00 of 1st overtime period - Shot Misses the Net.
5:00 of 1st overtime period - Penalty Shot by Ryan Kesler for Flames.
5:00 of 1st overtime period - Stopped by Antti Niemi.
5:00 of 1st overtime period - Penalty Shot by Derek Stepan for Avalanche.
5:00 of 1st overtime period - Stopped by Jonathan Quick.


Output by the SimonT Hockey Simulator (STHS) for Stephane Roy -- Original Page W3C XHTML 1.0 Valid
Hockey Simulator - Hockey Simulation - Hockey Manager